 Dungeon Crawl Stone Soup version 0.23.2-1-ga50397a6bc (webtiles) character file.

Game seed: 16681820414044086528

262 foreskingamer the Slasher (level 6, -2/53 HPs)
             Began as a Hill Orc Fighter on May 21, 2019.
             Was an Initiate of Beogh.
             Slain by a worker ant (5 damage)
             ... on level 3 of the Dungeon.
             The game lasted 00:12:57 (2611 turns).

foreskingamer the Slasher (Hill Orc Fighter)        Turns: 2611, Time: 00:12:58

Health: -2/53      AC:  8    Str: 21    XL:     6   Next: 18%
Magic:  6/6        EV:  8    Int:  8    God:    Beogh [......]
Gold:   160        SH:  9    Dex: 10    Spells: 5/5 levels left

rFire    + . .     SeeInvis .   a - +0 long sword
rCold    . . .     Gourm    .   c - +0 shield
rNeg     . . .     Faith    .   b - +0 scale mail
rPois    .         Spirit   .   i - +0 helmet
rElec    .         Reflect  .   (no cloak)
rCorr    .         Harm     .   (no gloves)
MR       .....                  (no boots)
Stlth    ..........             (no amulet)
HPRegen  0.17/turn              l - ring of protection from fire
MPRegen  0.10/turn              (no ring)

@: about to teleport
A: no striking features
a: Renounce Religion


You were on level 3 of the Dungeon.
You worshipped Beogh.
Beogh was noncommittal.
You were not hungry.

You visited 1 branch of the dungeon, and saw 4 of its levels.

You collected 160 gold pieces.

Inventory:

Hand Weapons
 a - a +0 long sword (weapon)
Armour
 b - a +0 scale mail (worn)
 c - a +0 shield (worn)
 i - a +0 helmet (worn)
Jewellery
 l - a ring of protection from fire (left hand)
Scrolls
 d - a scroll of fear {unknown}
 e - a scroll of amnesia
 j - 2 scrolls of remove curse
 k - 2 scrolls of magic mapping
 n - a scroll of blinking {unknown}
Potions
 g - a potion of ambrosia
 h - a potion of flight
 m - a potion of cancellation
 q - a potion of lignification {unknown}
 r - a potion of agility {unknown}
Comestibles
 f - 6 rations


   Skills:
 + Level 4.5 Fighting
 + Level 4.6 Long Blades
 + Level 4.4 Armour
 + Level 0.8 Dodging
 + Level 0.1 Stealth
 + Level 4.3 Shields


You had 5 spell levels left.
You didn't know any spells.
Your spell library was empty.

Dungeon Overview and Level Annotations

Branches:
Dungeon (4/15)
 Temple: D:4-7

Altars:
Ru


Message History

Something tries to affect you, but you resist.
You miss something. You block the worker ant's attack.
You block the orc's attack. The orc hits you but does no damage.
Something hits you but does no damage.
The worker ant bites you but does no damage.
You closely miss something. The orc hits you but does no damage.
You block the worker ant's attack. You block something's attack.
The orc hits you but does no damage.
As you read the scroll of teleportation, it crumbles to dust.
You feel strangely unstable. You block the worker ant's attack.
The orc hits you with a +0 falchion.
* * * LOW HITPOINT WARNING * * *
You hear some strange, mumbled words.
Something tries to affect you, but you resist.
The orc hits you but does no damage. The orc barely misses you.
You riposte.
You slash the orc!
You kill the orc!
Beogh accepts your kill. The worker ant bites you.
You die...

### ##.## #
##...#### ####
#....>..# #...
##@ao##.# ##...
##)###.# #≈≈≈≈
#.# #.# ≈≈≈≈≈ #.#
#.########...
#.###....†......#
#........########
#######.#######
#.#.....#
#.#.o...###


You could see a worker ant and an orc.

Vanquished Creatures
  A bullfrog (D:3)
  An orc wizard (D:4)
  Terence (D:3)
  Natasha (D:2)
  A howler monkey skeleton (D:4)
  3 adders
  An ooze (D:2)
  An adder skeleton (D:2)
  3 worms
  3 dart slugs
  A leopard gecko (D:2)
  7 orcs
  A giant cockroach (D:2)
  6 goblins
  2 hobgoblins
  10 kobolds
  3 quokkas
  2 ball pythons (D:3)
  5 bats
  3 frilled lizards
  7 rats
63 creatures vanquished.

Notes
Turn   | Place    | Note
-------+----------+-------------------------------------------
     0 | D:1      | foreskingamer the Hill Orc Fighter began the quest for the
                  | Orb.
     0 | D:1      | Reached XP level 1. HP: 19/19 MP: 1/1
    77 | D:1      | Reached XP level 2. HP: 24/27 MP: 2/2
   244 | D:1      | You fall through a shaft!
   265 | D:2      | Reached XP level 3. HP: 25/33 MP: 3/3
   730 | D:2      | Noticed Natasha
  1041 | D:2      | Killed Natasha
  1041 | D:2      | Reached XP level 4. HP: 33/40 MP: 4/4
  1752 | D:3      | Found a sacrificial altar of Ru.
  1941 | D:3      | Paralysed by fainting for 5 turns
  1963 | D:3      | Noticed Terence
  1980 | D:3      | Killed Terence
  1980 | D:3      | Reached XP level 5. HP: 33/46 MP: 5/5
  2244 | D:3      | Became a worshipper of Beogh the Brigand
  2383 | D:4      | Found a sacrificial altar of Ru.
  2481 | D:4      | Reached XP level 6. HP: 30/53 MP: 6/6
  2611 | D:3      | Slain by a worker ant

Skill      XL: |  1  2  3  4  5 |
---------------+----------------+-----
Fighting       | 4 |  4.5
Long Blades    | 3 4 |  4.6
Shields        | 4 |  4.3
Armour         | 4 |  4.4
Dodging        | |  0.8
Stealth        | |  0.1

Action                   |  1- 3 |  4- 6 || total
-------------------------+-------+-------++-------
Melee: Long sword        |   100 |   176 ||   276
Invok: Convert to Beogh  |       |     1 ||     1
  Use: Scroll            |     8 |     2 ||    10
       Potion            |       |     5 ||     5
  Eat: Ration            |       |     2 ||     2
       Chunk             |       |     1 ||     1
Armor: Scale mail        |    65 |    90 ||   155
Dodge: Dodged            |    44 |    78 ||   122
Block: Shield            |    74 |   118 ||   192
       Rpst.: Long sword |    15 |    27 ||    42
